General information
- name: BNet
- type: Ladder team game (AT/RT)
- host: Battle.net
- saver: Chris-Chan
map: Friends
- players: 8
- length: 08:41
- speed: Fast
- version: 1.26 W3XP
- replay type: Public
» download(31 KB)
Players
team 1 (loser)
Flashbang_Omnix (
blue | 29 APM | 254 actions | 08:37)
1 Dreadlord
1 Sleep
1 Paladin
1 Divine Shield
» actions
| Basic commands | 6 | |
| Build / train | 14 | |
| ESC pressed | 2 | |
| Enter build submenu | 6 | |
| Enter hero's abilities submenu | 2 | |
| Right click | 142 | |
| Select / deselect | 63 | |
| Use ability | 19 | |
254 total
» units
| Acolyte | 3 | |
| Ghoul | 3 | |
| Crypt Fiend | 2 | |
8 total
» buildings
| Ziggurat | 3 | |
| Altar of Darkness | 1 | |
| Crypt | 1 | |
| Graveyard | 1 | |
| Nerubian Tower | 1 | |
| Spirit Tower | 2 | |
9 total
» build order
00:07 Ziggurat
00:14 Altar of Darkness
00:17 Crypt
01:02 Ziggurat
01:26 Graveyard
01:34 Nerubian Tower
02:19 Ziggurat
03:02 Spirit Tower
03:16 Spirit Tower
Cr00kByDaB00k (
orange | 16 APM | 51 actions | 03:16)
» actions
| Basic commands | 4 | |
| Build / train | 8 | |
| Enter build submenu | 5 | |
| Right click | 7 | |
| Select / deselect | 22 | |
| Use ability | 5 | |
51 total
» units
» buildings
| Altar of Storms | 1 | |
| Barracks | 1 | |
| Orc Burrow | 2 | |
| War Mill | 1 | |
5 total
» build order
00:41 Altar of Storms
01:00 Barracks
01:21 Orc Burrow
01:32 War Mill
02:29 Orc Burrow
fdb (
pink | 9 APM | 30 actions | 03:20)
» actions
| Build / train | 3 | |
| Enter build submenu | 3 | |
| Right click | 11 | |
| Select / deselect | 9 | |
| Use ability | 4 | |
30 total
» units
» buildings
| Altar of Kings | 1 | |
| Arcane Vault | 1 | |
| Farm | 2 | |
4 total
» build order
00:05 Altar of Kings
00:08 Arcane Vault
01:29 Farm
01:30 Farm
team 2 (winner)

»
PulSeRifle (
purple | 42 APM | 368 actions | 08:40)
1 Blademaster
1 Critical Strike
» actions
| Assign group hotkey | 5 | |
| Basic commands | 2 | |
| Build / train | 28 | |
| Enter build submenu | 16 | |
| Enter hero's abilities submenu | 1 | |
| Right click | 206 | |
| Select / deselect | 56 | |
| Select group hotkey | 31 | |
| Use ability | 23 | |
368 total
» units
» upgrades
» buildings
| Altar of Storms | 1 | |
| Orc Burrow | 5 | |
| War Mill | 1 | |
| Voodoo Lounge | 1 | |
| Barracks | 1 | |
| Watch Tower | 4 | |
| Stronghold | 2 | |
| Beastiary | 2 | |
17 total
» build order
00:13 Altar of Storms
00:21 Orc Burrow
00:40 War Mill
01:16 Voodoo Lounge
02:11 Barracks
02:27 Watch Tower
02:31 Watch Tower
03:13 Orc Burrow
04:09 Stronghold
04:09 Stronghold
04:34 Orc Burrow
05:30 Watch Tower
05:36 Watch Tower
06:08 Orc Burrow
07:01 Beastiary
07:08 Beastiary
08:19 Orc Burrow
» items
| Healing Salve | 1 | |
| Lesser Clarity Potion | 2 | |
3 total

»
Nooblar420 (
red | 4 APM | 36 actions | 08:40)
» actions
| Basic commands | 3 | |
| Build / train | 2 | |
| Right click | 14 | |
| Select / deselect | 11 | |
| Use ability | 6 | |
36 total
» units
Chris-Chan (
yellow | 48 APM | 419 actions | 08:41)
3 Blademaster
2 Wind Walk
1 Critical Strike
» actions
| Assign group hotkey | 14 | |
| Basic commands | 7 | |
| Build / train | 35 | |
| Enter build submenu | 10 | |
| Enter hero's abilities submenu | 3 | |
| Right click | 145 | |
| Select / deselect | 85 | |
| Select group hotkey | 107 | |
| Use ability | 13 | |
419 total
» units
| Peon | 10 | |
| Grunt | 7 | |
| Troll Headhunter/Berserker | 7 | |
24 total
» upgrades
| Pillage | 1 | |
| Ranged Weapons | 1 | |
| Armor | 1 | |
| Spiked Barricades | 1 | |
| Troll Regeneration | 1 | |
5 total
» buildings
| Altar of Storms | 1 | |
| Orc Burrow | 3 | |
| Barracks | 1 | |
| War Mill | 1 | |
| Stronghold | 1 | |
| Watch Tower | 1 | |
| Fortress | 1 | |
9 total
» build order
00:05 Altar of Storms
00:10 Orc Burrow
00:20 Barracks
01:50 Orc Burrow
02:32 War Mill
04:45 Orc Burrow
05:21 Stronghold
05:49 Watch Tower
08:13 Fortress
Fiery_WA (
teal | 26 APM | 229 actions | 08:40)
1 Blademaster
1 Wind Walk
» actions
| Basic commands | 5 | |
| Build / train | 21 | |
| Enter build submenu | 12 | |
| Enter hero's abilities submenu | 1 | |
| Right click | 133 | |
| Select / deselect | 43 | |
| Use ability | 14 | |
229 total
» units
| Peon | 7 | |
| Grunt | 4 | |
| Demolisher | 1 | |
| Raider | 4 | |
16 total
» upgrades
» buildings
| Altar of Storms | 1 | |
| Orc Burrow | 5 | |
| Barracks | 1 | |
| War Mill | 1 | |
| Stronghold | 1 | |
| Watch Tower | 1 | |
| Beastiary | 1 | |
| Voodoo Lounge | 1 | |
| Great Hall | 1 | |
| Fortress | 1 | |
14 total
» build order
00:15 Altar of Storms
00:22 Orc Burrow
01:17 Barracks
01:41 War Mill
01:50 Orc Burrow
03:54 Orc Burrow
04:01 Stronghold
04:47 Watch Tower
06:19 Orc Burrow
06:34 Beastiary
07:34 Voodoo Lounge
07:41 Great Hall
07:46 Fortress
08:28 Orc Burrow
Chat log
(00:17 / Allies) Chris-Chan: units?
(00:27 / Allies) PulSeRifle: raiders
(00:35 / Allies) Chris-Chan: berserkers
(00:43 / Allies) Fiery_WA: bm harass
(00:50 / Allies) PulSeRifle: fuck
(00:55 / Allies) PulSeRifle: we can fuck one up
(01:08 / Allies) Chris-Chan: bm harass the fuck out of them
(01:51 / Allies) PulSeRifle: do people do that on purpose or something?
(02:01 / Allies) Chris-Chan: probably, might be due to long queue times too
(02:44 / Allies) Chris-Chan: hit
(02:46 / Allies) Chris-Chan: they have afker
(02:53 / Allies) PulSeRifle: nice
(03:19 / Allies) PulSeRifle: GG
(03:19 / Allies) PulSeRifle: :D
(03:27 / Allies) Chris-Chan: flashbang omnix is a moron on the official forums
(03:29 / All) Flashbang_Omnix: good going...
(03:30 / Allies) Chris-Chan: glad we didn't lose lol
(03:31 / All) Chris-Chan: ty
(03:32 / All) Flashbang_Omnix: well done
(03:36 / All) Chris-Chan: pray to god some more for the win sir
(03:50 / All) Flashbang_Omnix: lol you saw that on highper.ch?
(03:57 / All) Chris-Chan: no, I did the stabbing sir
(03:58 / All) Chris-Chan: I was itachi
(04:12 / All) Flashbang_Omnix: you're green?
(04:17 / All) Flashbang_Omnix: you're bluffing...
(04:21 / All) Chris-Chan: uh, I was the mass dhawk/gryphon on the original team
(04:22 / All) Chris-Chan: i'm not
(04:33 / All) Chris-Chan: I was on the team with flamechamp
(04:36 / All) Chris-Chan: turncoat was on your team
(04:52 / All) Chris-Chan: they both quit for sc2
(04:57 / All) Chris-Chan: turncoat uninstalled
(05:03 / All) Flashbang_Omnix: ...
(05:09 / All) Chris-Chan: I'm the only one still playing
(05:20 / All) Flashbang_Omnix: wc3 is still better over sc2
(05:23 / All) Chris-Chan: yeah
(05:27 / All) Flashbang_Omnix: I've played the demo for sc2
(05:28 / All) Chris-Chan: they're just bored with wc3
(05:30 / All) Flashbang_Omnix: not so great
(05:31 / All) Chris-Chan: we played since 2002
(05:38 / All) Chris-Chan: i agree, its 4v4 sucks especially
(06:02 / All) Flashbang_Omnix: guess I should quit huh?
(06:08 / All) Flashbang_Omnix: then again
(06:09 / All) Chris-Chan: hang on 1 sec
(06:14 / All) Flashbang_Omnix: our backstabber wont
(06:16 / All) Chris-Chan: my account that game was dratsabsucksnow right?
(06:25 / All) Chris-Chan: I can log onto it to prove it
(06:34 / All) Flashbang_Omnix: prove what?
(06:38 / All) Chris-Chan: you doubted that it's me
(07:37 / All) Chris-Chan: i was planning to go berserker
(07:42 / All) Chris-Chan: but doesn't look like this game will go on long
(07:49 / All) Chris-Chan: sucks to have ag ame like this after a long ass queue
(07:51 / All) Flashbang_Omnix: I'll unsummon
(07:57 / All) Chris-Chan: k
(08:01 / All) Flashbang_Omnix: make sure ya all search for 4v4
(08:05 / All) Chris-Chan: nothing personal when I stab btw